[Event "*** Titled Tuesday Blitz"]
[Site "Chess.com"]
[Date "2020.11.03"]
[Round "2"]
[White "H3nriqueTV"]
[Black "Rakesh"]
[Result "0-1"]
[WhiteElo "2280"]
[BlackElo "2461"]
[TimeControl "180+1"]
[EndTime "10:18:04 PST"]
[Termination "Rakesh won by resignation"]

1. e4 c5 2. Nf3 e6 3. b3 Nc6 4. Bb2 a6 5. Nc3 d5 6. exd5 exd5 7. d4 Nf6 8. dxc5 Bxc5 9. Bd3 O-O 10. O-O Bg4 11.
h3 Bh5 12. Be2 Rc8 13. Nh4 Bxe2 14. Qxe2 d4 15. Na4 Re8 16. Qd1 Ba7 17. Bc1 Ne4 18.
Qg4 Nb4 19. Nf5 g6 20. Bb2 h5 21. Nh6+ Kg7 22. Qf4 Qf6 23. Qxf6+ Nxf6 24. Bc1 Nxc2 25.
Rb1 d3 26. g4 Nd4 27. g5 Ne4 28. f4 Ne2+ 29. Kg2 Nxc1 30. Rbxc1 Rxc1 31. Rxc1 d2 32. Rd1 b5 33. Nb2 Be3 34. Kf3 Nc3 35.
h4 Nxd1 36. Nxd1 Bd4 37. f5 Re1 38. f6+ Bxf6 39. gxf6+ Kxh6 0-1

[Event "*** Titled Tuesday Blitz"]
[Site "Chess.com"]
[Date "2020.11.03"]
[Round "2"]
[White "Mikhail_Golubev"]
[Black "Zkid"]
[Result "1-0"]
[WhiteElo "2556"]
[BlackElo "2803"]
[TimeControl "180+1"]
[EndTime "10:18:06 PST"]
[Termination "Mikhail_Golubev won by checkmate"]

1. e4 e6 2. d4 d5 3. Nc3 Bb4 4. e5 c5 5. a3 Bxc3+ 6. bxc3 Qa5 7. Bd2 Qa4 8. Qb1 c4 9. Nf3 Nc6 10. Be2 Bd7 11. O-O O-O-O 12. Qb2 Nge7 13. h3 f5 14. exf6 gxf6 15. Rfe1 Rhg8 16. Rab1 b6 17. Bf4 Ng6 18. Bg3 e5 19. dxe5 fxe5 20. Rbd1 Bf5 21. Rd2 Be4 22. Ng5 Bf5 23. Nf7 Nf4 24. Nxd8 Nxe2+ 25. Rexe2 Rxd8 26. Bxe5 Be4 27. Bg3 Rg8 28. Kh2 Qa5 29. f3 Bf5 30. Rd1 Qc5 31. Qc1 Kb7 32. Qf4 Bg6 33. Qc7+ Ka6 34.
Bd6 Qb5 35. a4 Qxa4 36. Ree1 Na5 37. Ra1 Qb5 38. Reb1 Qe8 39. Rxa5+ bxa5 40. Qb7# 1-0

[Event "*** Titled Tuesday Blitz"]
[Site "Chess.com"]
[Date "2020.11.03"]
[Round "2"]
[White "suyu28"]
[Black "AurumO"]
[Result "1-0"]
[WhiteElo "2634"]
[BlackElo "1971"]
[TimeControl "180+1"]
[EndTime "10:18:06 PST"]
[Termination "suyu28 won by resignation"]

1. e4 c5 2. Nf3 Nc6 3. g3 g6 4. Bg2 Bg7 5. O-O e6 6. c3 Nge7 7. d4 cxd4 8. cxd4 d5 9. e5 O-O 10. Nc3 a6 11. Bg5 h6 12. Bc1 b5 13. h4 Bb7 14. h5 Rc8 15. hxg6 fxg6 16. Ne2 Nf5 17.
Nf4 Qe8 18. g4 g5 19. gxf5 gxf4 20. f6 Bh8 21. Bxf4 Qg6 22. Nh4 Qh7 23. Bf3 Bxf6 24. exf6 Rxf6 25. Bg3 Kh8 26. Bg2 Rg8 27. Qd2 Qg7 28. Rfe1 Qg4 29. Rad1 Qh5 30. Qe2 Qf7 31. Nf3 Rfg6 32. Ne5 Nxe5 33. Qxe5+ Kh7 34. Bf1 Bc8 35. Bd3 Qf3 36. Qe2 Qf6 37. Bxg6+ Rxg6 38. Qe5 Qh4 39. Rc1 Qh3 40. Rxc8 1-0

[Event "*** Titled Tuesday Blitz"]
[Site "Chess.com"]
[Date "2020.11.03"]
[Round "2"]
[White "Bulldog167"]
[Black "chenxiaoyuer"]
[Result "1-0"]
[WhiteElo "2754"]
[BlackElo "2501"]
[TimeControl "180+1"]
[EndTime "10:18:07 PST"]
[Termination "Bulldog167 won on time"]

1. d4 Nf6 2. c4 g6 3. Nc3 Bg7 4. e4 d6 5. h3 O-O 6. Be3 c5 7.
Nf3 cxd4 8. Nxd4 b6 9. Qd2 Bb7 10. f3 Nbd7 11. Bh6 e5 12. Bxg7 exd4 13. Bxf6 Qxf6 14.
Nb5 Ne5 15. Nxd4 Bxe4 16. fxe4 Qh4+ 17. Kd1 Qxe4 18. Rg1 d5 19. c5 bxc5 20. Nf3 Nxf3 21. gxf3 Qxf3+ 22. Be2 Qxh3 23. Kc2 d4 24. Raf1 c4 25.
Rh1 d3+ 26. Kb1 dxe2 27. Qxe2 Qd3+ 28. Qxd3 cxd3 29. Rd1 Rfd8 30. Rh3 Rd7 31. b4 h5 32. Kb2 Rad8 33. b5 f5 34. a4 f4 35. Kc3 d2 36. Rh2 f3 37. Rhxd2 1-0

[Event "*** Titled Tuesday Blitz"]
[Site "Chess.com"]
[Date "2020.11.03"]
[Round "2"]
[White "PotapovaM"]
[Black "VladaSviridova"]
[Result "1-0"]
[WhiteElo "2601"]
[BlackElo "2301"]
[TimeControl "180+1"]
[EndTime "10:18:08 PST"]
[Termination "PotapovaM won on time"]

1. e4 e6 2. Nf3 d5 3. d3 Nf6 4.
Nbd2 c5 5. g3 g6 6. Bg2 Bg7 7. O-O O-O 8. Re1 Nc6 9. c3 a5 10.
a4 b6 11. e5 Nd7 12. d4 cxd4 13. cxd4 Ba6 14. Nf1 h6 15. Ne3 h5 16. Bd2 Rc8 17. h3 f5 18. Nc2 Qe8 19. Ng5 Qe7 20. Bf4 Rfe8 21. g4 hxg4 22. hxg4 Nb4 23. Nxb4 Qxb4 24.
gxf5 exf5 25. Bxd5+ Kf8 26. Nh7+ Ke7 27. Bg5+ Nf6 28. exf6+ Kd6 29. Rxe8 Rxe8 30. Qf3 Be2 31. Bf4+ Kd7 32. Bc6+ Kd8 33. Qd5+ 1-0

[Event "*** Titled Tuesday Blitz"]
[Site "Chess.com"]
[Date "2020.11.03"]
[Round "2"]
[White "ShahMatKanal"]
[Black "Alexsur1981"]
[Result "0-1"]
[WhiteElo "2508"]
[BlackElo "2778"]
[TimeControl "180+1"]
[EndTime "10:18:09 PST"]
[Termination "Alexsur1981 won on time"]

1. d4 d5 2. c4 e6 3. cxd5 exd5 4. Nc3 c6 5. Bf4 Bd6 6. Bxd6 Qxd6 7. e3 Bf5 8. Bd3 Bxd3 9. Qxd3 Nf6 10. Nge2 O-O 11. O-O Re8 12. Qc2 Nbd7 13. Rab1 a5 14. Rfc1 g6 15. a3 Ng4 16. Ng3 h5 17. Nf1 f5 18.
h3 Ngf6 19. b4 axb4 20. axb4 b5 21. Ne2 Ra6 22. Nf4 Kf7 23. Ng3 h4 24. Nge2 Ne4 25. Nd3 Qe7 26. Ra1 Rea8 27. Rxa6 Rxa6 28. Qb2 Qf8 29.
Ra1 Qa8 30. Rxa6 Qxa6 31. f3 Nd6 32. Nc5 Nc4 33. Nxa6 Nxb2 34. Kf2 Nd1+ 35. Ke1 Nxe3 36. Kf2 Nc2 37. g3 hxg3+ 38. Kxg3 Nf8 39. Kf4 Kf6 40. Nb8 Ne6+ 41. Kg3 Nxb4 42. Nf4 Nxd4 0-1

[Event "*** Titled Tuesday Blitz"]
[Site "Chess.com"]
[Date "2020.11.03"]
[Round "2"]
[White "tteshan"]
[Black "enriquebutti"]
[Result "1-0"]
[WhiteElo "2371"]
[BlackElo "1974"]
[TimeControl "180+1"]
[EndTime "10:18:10 PST"]
[Termination "tteshan won by checkmate"]

1. e4 d5 2. exd5 Qxd5 3. Nc3 Qd6 4. d4 Nf6 5. Bd3 a6 6. Nge2 e6 7. Bf4 Qd8 8. Qd2 Bd6 9. Bg5 Nbd7 10. Ne4 Be7 11.
Bf4 Nd5 12. Bg3 b5 13. O-O-O Bb7 14. Kb1 Rc8 15. h4 c5 16. dxc5 Nxc5 17. Nxc5 Bxc5 18. Nf4 Bb4 19. Qe2 O-O 20. h5 Qa5 21. h6 Nc3+ 22.
bxc3 Bxc3 23. Bxh7+ Kh8 24. hxg7+ Kxg7 25. Qg4+ Kf6 26.
Bh4+ Ke5 27. Qg5+ f5 28. Ng6+ Ke4 29. Qf4# 1-0

[Event "*** Titled Tuesday Blitz"]
[Site "Chess.com"]
[Date "2020.11.03"]
[Round "2"]
[White "GigaQuparadze"]
[Black "Iskusnyh"]
[Result "1-0"]
[WhiteElo "2871"]
[BlackElo "2572"]
[TimeControl "180+1"]
[EndTime "10:18:11 PST"]
[Termination "GigaQuparadze won on time"]

1. e4 e6 2. d4 d5 3. Nd2 c5 4. Ngf3 cxd4 5. Nxd4 Nc6 6. Bb5 Bd7 7. Nxc6 bxc6 8. Bd3 Qc7 9. Qe2 Bd6 10. g3 Nf6 11. b3 O-O 12. Bb2 e5 13. O-O-O a5 14. a4 Rfe8 15. Kb1 Rab8 16. f3 Bb4 17. g4 d4 18. Nc4 c5 19. h4 Bxa4 20. bxa4 Bc3 21.
Ka2 Qc6 22. Bxc3 dxc3 23. Rb1 Rb4 24. Na3 Reb8 25. Bb5 Qe6+ 26. Ka1 Ne8 27. Qe3 Nd6 28. Qxc3 Nxb5 29. axb5 Qe7 30. Rhd1 c4 31. Rd5 f6 32.
Rbd1 h5 33. Rd7 Qf8 34. Ka2 Kh8 35. R7d5 Qf7 36. gxh5 Qxh5 37. Rd8+ Rxd8 38. Rxd8+ Kh7 39. Rd1 Qf7 40. Rb1 Qe7 41. b6 Qc5 42. b7 Qb6 43. Qxc4 Qxb7 44. Rxb4 axb4 45. Nb5 Qa6+ 46. Kb3 Qa1 47. Qd3 Qb1+ 48. Kc4 Qa2+ 49. Kxb4 Qb2+ 50. Qb3 Kh6 51. Qxb2 1-0

[Event "*** Titled Tuesday Blitz"]
[Site "Chess.com"]
[Date "2020.11.03"]
[Round "2"]
[White "Na_binci"]
[Black "Sjakkerntobi"]
[Result "0-1"]
[WhiteElo "2150"]
[BlackElo "2405"]
[TimeControl "180+1"]
[EndTime "10:18:12 PST"]
[Termination "Sjakkerntobi won on time"]

1. d4 e6 2. e3 Nf6 3. Bd3 c5 4. c3 b6 5. f4 Ba6 6. Nf3 Bxd3 7.
Qxd3 Nc6 8. O-O d5 9. Ne5 Nxe5 10. fxe5 Ne4 11. Nd2 Nxd2 12. Bxd2 c4 13. Qe2 Be7 14. e4 dxe4 15. Qxc4 Qd5 16. Qe2 f5 17. exf6 gxf6 18. Rae1 f5 19. Qh5+ Kd7 20. b3 Rag8 21.
c4 Qxd4+ 22. Be3 Qb2 23. Rf2 Qf6 24. Rd1+ Kc6 25. Rfd2 Rd8 26. Rxd8 Rxd8 27. Rxd8 Bxd8 28. Qd1 Be7 29. b4 Bxb4 30. Qa4+ Kc7 31. Qxb4 f4 32.
Bf2 Qa1+ 33. Be1 Qd4+ 34. Kf1 Qd6 35. Qxd6+ Kxd6 36. Bb4+ Ke5 37. Bc3+ Kf5 38. Ke2 Kg4 0-1

[Event "*** Titled Tuesday Blitz"]
[Site "Chess.com"]
[Date "2020.11.03"]
[Round "2"]
[White "Semetey"]
[Black "BilodeauA"]
[Result "0-1"]
[WhiteElo "2579"]
[BlackElo "2880"]
[TimeControl "180+1"]
[EndTime "10:18:13 PST"]
[Termination "BilodeauA won on time"]

1. e4 c5 2. Nc3 Nc6 3. Bb5 Nd4 4. Nf3 g6 5. Nxd4 cxd4 6. Ne2 Bg7 7. O-O Qb6 8. Bc4 d6 9. d3 Nf6 10. h3 O-O 11.
Kh1 Qc6 12. Bb3 Nd7 13. f4 Nc5 14. Bd5 Qc7 15. f5 e6 16. fxe6 fxe6 17. Rxf8+ Kxf8 18. Bb3 Bd7 19. Bf4 e5 20. Bd2 Nxb3 21. axb3 Kg8 22. c4 dxc3 23. Nxc3 Be6 24. b4 Qb6 25. b5 Rf8 26.
Qe1 a5 27. Be3 Qc7 28. b6 Qd7 29. Rxa5 Bxh3 30. gxh3 Qxh3+ 31. Kg1 Qg4+ 32. Kh1 Rf3 33. Bg1 Qh3+ 34. Bh2 Rf1+ 35. Qxf1 Qxf1+ 36. Bg1 Qf3+ 37. Kh2 Bh6 38. Nd5 Bf4+ 39. Nxf4 exf4 40. b4 Qg3+ 41. Kh1 Qh3+ 42. Bh2 Qf3+ 43. Kg1 Qd1+ 44. Kf2 Qd2+ 45. Kg1 f3 0-1

[Event "*** Titled Tuesday Blitz"]
[Site "Chess.com"]
[Date "2020.11.03"]
[Round "2"]
[White "niki_2003"]
[Black "Kolle05"]
[Result "0-1"]
[WhiteElo "1912"]
[BlackElo "2365"]
[TimeControl "180+1"]
[EndTime "10:18:15 PST"]
[Termination "Kolle05 won by checkmate"]

1. d4 Nf6 2. c4 g6 3. Nc3 Bg7 4. e4 d6 5. Nf3 O-O 6. Be2 e5 7.
O-O Nc6 8. d5 Ne7 9. b4 a5 10.
bxa5 Rxa5 11. a4 b6 12. Ba3 Nd7 13. Bb4 Ra8 14. a5 bxa5 15. Bxa5 f5 16. exf5 gxf5 17.
Nb5 Nb6 18. Bxb6 Rxa1 19. Qxa1 cxb6 20. Qa3 e4 21. Nfd4 Be5 22. Rd1 Rf6 23. Nc6 Nxc6 24. dxc6 Rh6 25. g3 f4 26. c5 e3 27.
Bc4+ Kh8 28. fxe3 fxg3 29. hxg3 Qg5 30. e4 Bxg3 31. Kf1 Rh1+ 32. Ke2 Bg4+ 33. Kd3 Rxd1+ 34. Kc2 Qd2+ 35. Kb3 Rb1+ 36. Ka4 Qa5# 0-1

[Event "*** Titled Tuesday Blitz"]
[Site "Chess.com"]
[Date "2020.11.03"]
[Round "2"]
[White "AnishOnYoutube"]
[Black "Korchmar_Vasiliy"]
[Result "1-0"]
[WhiteElo "2963"]
[BlackElo "2615"]
[TimeControl "180+1"]
[EndTime "10:18:18 PST"]
[Termination "AnishOnYoutube won on time"]

1. e4 c5 2. Nf3 d6 3. d4 cxd4 4. Nxd4 Nf6 5. Nc3 Nc6 6. Bg5 e6 7. Qd3 Be7 8. O-O-O O-O 9. f4 Nxd4 10. Qxd4 Qa5 11. e5 dxe5 12. Qxe5 Qxe5 13. fxe5 Nd5 14.
Bxe7 Nxe7 15. Bd3 a6 16. Rhe1 Nc6 17. Na4 b5 18. Be4 bxa4 19. Bxc6 Rb8 20. Bxa4 Bb7 21. g3 Rfc8 22. Rd7 Bd5 23. Rf1 Rb4 24. Bb3 Bxb3 25. axb3 Rf8 26. Ra7 Re4 27. Rxa6 Rxe5 28. Rf2 Rd8 29. c4 Re1+ 30. Kc2 f5 31. b4 Rd4 32.
Rc6 Kf7 33. b5 Ree4 34. Rc7+ Kf6 35. Kc3 1-0

[Event "*** Titled Tuesday Blitz"]
[Site "Chess.com"]
[Date "2020.11.03"]
[Round "2"]
[White "hansen"]
[Black "Airquake"]
[Result "1-0"]
[WhiteElo "2942"]
[BlackElo "2603"]
[TimeControl "180+1"]
[EndTime "10:18:18 PST"]
[Termination "hansen won by checkmate"]

1. e4 c5 2. Nf3 d6 3. d4 cxd4 4. Nxd4 Nf6 5. Nc3 a6 6. Be2 e5 7. Nb3 Be7 8. O-O O-O 9. Re1 Be6 10. Bf3 Nbd7 11. a4 Rc8 12. Nd2 Nb6 13. a5 Nc4 14. Nxc4 Bxc4 15. Be3 Be6 16. Qd2 Nd7 17. Na4 Qc7 18.
Rec1 f5 19. exf5 Rxf5 20. Be4 Rf7 21. c4 Nf6 22. Bd5 Bxd5 23. cxd5 Qd8 24. Nb6 Rb8 25. h3 Nd7 26. Rc4 Nxb6 27. axb6 Qd7 28. Rac1 Qb5 29. Rc7 Bf8 30. Rxf7 Kxf7 31. Rc7+ Kg8 32. h4 h6 33. Bxh6 gxh6 34. Qc2 Qxd5 35. Qh7# 1-0

[Event "*** Titled Tuesday Blitz"]
[Site "Chess.com"]
[Date "2020.11.03"]
[Round "2"]
[White "dosto07"]
[Black "Orange_Ghost"]
[Result "0-1"]
[WhiteElo "2350"]
[BlackElo "2811"]
[TimeControl "180+1"]
[EndTime "10:18:18 PST"]
[Termination "Orange_Ghost won by resignation"]

1. e4 e6 2. d4 d5 3. Nd2 c5 4. exd5 exd5 5. Ngf3 Nc6 6. Bb5 Qe7+ 7. Qe2 Qxe2+ 8. Kxe2 a6 9. Bxc6+ bxc6 10. dxc5 Bxc5 11.
Nb3 Bd6 12. Be3 Ne7 13. Bc5 Kd7 14. Nfd4 a5 15. a4 Rb8 16. Bxd6 Kxd6 17. Nxa5 Ba6+ 18.
Kf3 c5 19. Nb5+ Bxb5 20. axb5 Rxb5 21. Nb3 Nc6 22. Ra6 Kc7 23. Rd1 Rd8 24. Rda1 c4 25. Rxc6+ Kxc6 26. Nd4+ Kc5 27. Nxb5 Kxb5 28. Ra7 d4 29. Ke2 Rf8 30. Rd7 Kc5 31. Kd2 h5 32. f4 g6 33. g3 f5 34. Rc7+ Kd5 35. Re7 Rf6 36. Ke2 Rb6 37. Rd7+ Kc5 38. Rc7+ Kb5 39.
Kd2 Rd6 40. Rb7+ Kc5 41. Rc7+ Kd5 42. Re7 Rb6 43. Rd7+ Ke4 44. Rd8 Rxb2 45. Re8+ Kf3 46. Kc1 Ra2 47. Rd8 c3 0-1

[Event "*** Titled Tuesday Blitz"]
[Site "Chess.com"]
[Date "2020.11.03"]
[Round "2"]
[White "Blitzstream"]
[Black "jacky72"]
[Result "0-1"]
[WhiteElo "2772"]
[BlackElo "2528"]
[TimeControl "180+1"]
[EndTime "10:18:19 PST"]
[Termination "jacky72 won by resignation"]

1. d4 Nf6 2. Bg5 Ne4 3. Bh4 d5 4. f3 Nf6 5. Nc3 Bf5 6. e3 Bg6 7. Bd3 e6 8. f4 Be7 9. Nf3 c5 10. O-O c4 11. Bxg6 hxg6 12. Qe1 Nc6 13. Ne5 Nd7 14. Bxe7 Qxe7 15. b3 cxb3 16. axb3 a6 17. Nd1 Rc8 18. c4 Ncxe5 19. fxe5 dxc4 20. bxc4 Rxc4 21. Nf2 Qh4 22. h3 Qg3 23. Qe2 Rc3 24. Rae1 f5 25. Qb2 Rxe3 26. Qxb7 Ke7 27. Qb4+ Kf7 28. Qd6 Rd8 29. d5 Qxe5 30. Qb4 exd5 31. Ng4 Qc3 32. Qxc3 Rxc3 33. Ne5+ Nxe5 34. Rxe5 d4 35. Rfe1 d3 36. Re7+ Kf8 37. Rb7 d2 38. Rd1 Rc1 39. Rb1 Rxb1 40.
Rxb1 d1=Q+ 0-1

[Event "*** Titled Tuesday Blitz"]
[Site "Chess.com"]
[Date "2020.11.03"]
[Round "2"]
[White "Evachess2006"]
[Black "QuintilianoR"]
[Result "0-1"]
[WhiteElo "1641"]
[BlackElo "2633"]
[TimeControl "180+1"]
[EndTime "10:18:19 PST"]
[Termination "QuintilianoR won on time"]

1. e4 e6 2. d4 d5 3. exd5 exd5 4. Nf3 Nc6 5. Be2 Bd6 6. O-O Bg4 7. Bg5 Nge7 8. c3 f6 9. Bh4 Qd7 10. Bg3 h5 11.
Bxd6 Qxd6 12. Re1 O-O-O 13. Nbd2 Ng6 14. h3 Nf4 15. hxg4 hxg4 16. Ne5 fxe5 17. Bxg4+ Kb8 18. Nf3 e4 19. Ng5 Qg6 20. g3 Nd3 21. Ne6 Rde8 22. Nf4 Nxf4 23. gxf4 Ref8 0-1

[Event "*** Titled Tuesday Blitz"]
[Site "Chess.com"]
[Date "2020.11.03"]
[Round "2"]
[White "rugbyclub"]
[Black "shnitez"]
[Result "0-1"]
[WhiteElo "2204"]
[BlackElo "2533"]
[TimeControl "180+1"]
[EndTime "10:18:19 PST"]
[Termination "shnitez won on time"]

1. d4 Nf6 2. Nf3 e6 3. Bf4 c5 4. c3 cxd4 5. cxd4 Qb6 6. Qc2 Nc6 7. e3 d5 8. Nc3 Bd7 9. a3 Rc8 10. Bd3 Na5 11. O-O Nb3 12. Rab1 Be7 13. h3 O-O 14. Ne5 Be8 15. g4 Ne4 16. f3 Ned2 17. Bxh7+ Kh8 18. Bd3 Nxb1 19. Rxb1 Nxd4 20. Qf2 Nc6 21. g5 f5 22. gxf6 Bxf6 23. Ng4 Qd8 24. Qg3 e5 25. Nxf6 Qxf6 26.
Bg5 Qxf3 27. Qxf3 Rxf3 28. Kg2 e4 29. Be2 Rf5 30. h4 Ne5 0-1

[Event "*** Titled Tuesday Blitz"]
[Site "Chess.com"]
[Date "2020.11.03"]
[Round "2"]
[White "Indianlad"]
[Black "Volodar_Murzin"]
[Result "1-0"]
[WhiteElo "2950"]
[BlackElo "2606"]
[TimeControl "180+1"]
[EndTime "10:18:20 PST"]
[Termination "Indianlad won by resignation"]

1. Nf3 Nf6 2. c4 g6 3. Nc3 Bg7 4. g3 O-O 5. Bg2 d6 6. O-O Nbd7 7. Rb1 e5 8. d3 c6 9. b4 d5 10. b5 d4 11. bxc6 bxc6 12. Na4 Qc7 13. e3 dxe3 14.
Bxe3 Re8 15. d4 Ng4 16. Re1 e4 17. Bf4 Qa5 18. Nd2 Ndf6 19. h3 e3 20. fxe3 Nh6 21. g4 Nhxg4 22. hxg4 Bxg4 23. Qc2 Qh5 24. Nf1 Bf5 25.
Qf2 Ng4 26. Qg3 Bxb1 27. Rxb1 Qf5 28. Nc3 h5 29. Bxc6 g5 30. Bd6 Nxe3 31. Nxe3 Bxd4 32. Re1 Qg6 33. Nd5 Rxe3 34. Nxe3 Rd8 35. c5 Bxc5 36. Bxc5 Qxc6 37. Qxg5+ Kh7 38. Qxd8 Qg6+ 1-0

[Event "*** Titled Tuesday Blitz"]
[Site "Chess.com"]
[Date "2020.11.03"]
[Round "2"]
[White "hungrycaterpillar4"]
[Black "OldweakGM"]
[Result "0-1"]
[WhiteElo "2564"]
[BlackElo "2864"]
[TimeControl "180+1"]
[EndTime "10:18:20 PST"]
[Termination "OldweakGM won by resignation"]

1. d4 d5 2. Bf4 Nf6 3. e3 c5 4.
Nf3 Nc6 5. Nbd2 cxd4 6. exd4 Bf5 7. c3 e6 8. h3 Bd6 9. Bxd6 Qxd6 10. Be2 O-O 11.
O-O Rfe8 12. Re1 h6 13. Nf1 Nd7 14. Ne3 Bg6 15. Rc1 Rab8 16. Bf1 a6 17. Qd2 Be4 18. Qd1 b5 19. Bd3 Bxd3 20. Qxd3 Nf6 21. a3 Na5 22. Ne5 Nc4 23. N3xc4 bxc4 24. Qc2 Rb7 25. Rb1 Reb8 26. Re2 Nd7 27. Nxd7 Qxd7 28. g3 Rb3 29. h4 Qb7 30. Kg2 Rxa3 31. g4 Rb3 32. g5 Qe7 33. f4 a5 34. Ra1 Qb7 35. Ra2 h5 36. g6 Qe7 37.
Kg3 Qf6 38. gxf7+ Qxf7 39. Rxa5 Rxb2 40. Qxb2 Qg6+ 41. Kf2 Rxb2 42. Rxb2 Qe4 43. Rb7 Qxf4+ 44. Kg2 Qg4+ 45. Kf1 Qf3+ 46. Kg1 Qxc3 47. Raa7 Qxd4+ 48. Kg2 Qg4+ 49. Kf2 Qxh4+ 50. Ke3 Qe4+ 51. Kd2 Qd4+ 52.
Kc2 h4 0-1

[Event "*** Titled Tuesday Blitz"]
[Site "Chess.com"]
[Date "2020.11.03"]
[Round "2"]
[White "SophieNikoladze"]
[Black "ChSalas"]
[Result "0-1"]
[WhiteElo "2279"]
[BlackElo "2468"]
[TimeControl "180+1"]
[EndTime "10:18:21 PST"]
[Termination "ChSalas won on time"]

1. d4 d5 2. Nf3 Nf6 3. e3 c6 4. Bd3 Bg4 5. h3 Bxf3 6. Qxf3 Nbd7 7. c4 e5 8. dxe5 Nxe5 9. Qf5 Nxc4 10. O-O g6 11. Qg5 Be7 12. Bxc4 dxc4 13. Na3 Qd5 14. Qf4 b5 15. Nc2 O-O 16. Re1 Ne4 17. a4 a6 18.
f3 Nc5 19. e4 Qe6 20. Nd4 Qd7 21. Rd1 Nd3 22. Rxd3 cxd3 23. Be3 c5 24. Nb3 c4 25. Nd2 Rfc8 26. Qe5 Qc7 27. Qd4 Bc5 28. Qxc5 Qxc5 29. Bxc5 Rxc5 30. axb5 Rxb5 31. Nxc4 Rb4 32. Ne5 d2 33.
Nd3 Rb3 34. Nf2 Rxb2 35. Nd1 Rc2 36. Kf1 Rc1 0-1

[Event "*** Titled Tuesday Blitz"]
[Site "Chess.com"]
[Date "2020.11.03"]
[Round "2"]
[White "Onischuk_V"]
[Black "m_ezat"]
[Result "1-0"]
[WhiteElo "2821"]
[BlackElo "2541"]
[TimeControl "180+1"]
[EndTime "10:18:22 PST"]
[Termination "Onischuk_V won on time"]

1. e4 c6 2. d4 d5 3. Nc3 dxe4 4.
Nxe4 Nd7 5. Nf3 Ngf6 6. Nxf6+ Nxf6 7. Bc4 Bf5 8. O-O e6 9. Re1 Be7 10. Ne5 O-O 11. g4 Bg6 12. h4 Bd6 13. h5 Be4 14.
g5 Bxe5 15. dxe5 Qxd1 16. Rxd1 Bd5 17. exf6 Bxc4 18. fxg7 Kxg7 19. b3 Be2 20. Bb2+ Kg8 21. Rd7 Bxh5 22. Rxb7 Bg6 23. c4 a5 24. Rd1 Rfb8 25.
Rxb8+ Rxb8 26. Be5 Ra8 27. Rd7 Bb1 28. a3 Ba2 29.
Rb7 1-0

[Event "*** Titled Tuesday Blitz"]
[Site "Chess.com"]
[Date "2020.11.03"]
[Round "2"]
[White "kinga2008"]
[Black "fabianvivasz"]
[Result "0-1"]
[WhiteElo "2074"]
[BlackElo "2382"]
[TimeControl "180+1"]
[EndTime "10:18:22 PST"]
[Termination "fabianvivasz won by resignation"]

1. e4 c5 2. Nf3 d6 3. c3 Nf6 4.
Bd3 g6 5. Bc2 Bg7 6. d4 O-O 7.
O-O cxd4 8. cxd4 Nc6 9. Nc3 Bg4 10. Be3 Nd7 11. d5 Nce5 12. Re1 Nxf3+ 13. gxf3 Bh5 14. Bf4 e5 15. Bg3 f5 16. Qd3 f4 17.
Rf1 Rc8 18. Rac1 fxg3 19. fxg3 Qb6+ 20. Kh1 Qxb2 21. Nb5 Nc5 22. Qc4 Bxf3+ 23. Kg1 Nxe4 24. Qd3 Nc5 25. Qe3 Qxb5 26. Rxf3 Rxf3 27. Qxf3 Qb2 28. Rf1 Qxc2 0-1

[Event "*** Titled Tuesday Blitz"]
[Site "Chess.com"]
[Date "2020.11.03"]
[Round "2"]
[White "Cocaino74"]
[Black "Mr_Sinigami"]
[Result "0-1"]
[WhiteElo "2305"]
[BlackElo "2485"]
[TimeControl "180+1"]
[EndTime "10:18:23 PST"]
[Termination "Mr_Sinigami won by resignation"]

1. e4 d5 2. exd5 Nf6 3. d4 Nxd5 4. c4 Nb6 5. Nc3 e5 6. dxe5 Qxd1+ 7. Kxd1 Nc6 8. f4 Bf5 9. Nf3 O-O-O+ 10. Bd2 Bc5 11. Kc1 Nb4 12. b3 Nc2 13. Rb1 Ba3+ 14. Rb2 Nb4 15. c5 Nd7 16. Be3 Nb8 17. Nd4 Bd3 18. Bxd3 Nxd3+ 19. Kc2 Bxb2 20. Kxd3 Nc6 21. Rb1 Bxc3 22. Kxc3 Nxd4 23.
Bxd4 Rd5 24. Bf2 Rhd8 25. Rb2 Rd3+ 26. Kc4 Rd2 0-1

[Event "*** Titled Tuesday Blitz"]
[Site "Chess.com"]
[Date "2020.11.03"]
[Round "2"]
[White "Firouzja2003"]
[Black "Chernobay_Artem"]
[Result "1-0"]
[WhiteElo "3066"]
[BlackElo "2628"]
[TimeControl "180+1"]
[EndTime "10:18:24 PST"]
[Termination "Firouzja2003 won by resignation"]

1. g3 e5 2. Bg2 d5 3. e3 Nc6 4. Ne2 h5 5. d4 Nf6 6. h3 Bf5 7.
a3 Qd7 8. b3 e4 9. c4 Ne7 10.
Nbc3 c6 11. Bb2 Ng6 12. Qc2 Bd6 13. O-O-O Qe7 14. c5 Bc7 15. Kb1 Qd7 16. Nf4 Nxf4 17.
gxf4 Rh6 18. Bf1 Rg6 19. b4 Kf8 20. Rc1 a6 21. Ka1 Kg8 22. Qd1 h4 23. Qb3 Nh7 24.
Rh2 Ng5 25. Qd1 Nf3 26. Rh1 b6 27. cxb6 Bxb6 28. Na4 Bc7 29. Nc5 Qc8 30. Be2 Bxh3 31. Bxf3 exf3 32. Nd3 Bf5 33. Rxh4 Rg2 34. Qxf3 Be4 35.
Qh5 f6 36. Nc5 Bg6 37. Qf3 a5 38. b5 cxb5 39. Qxg2 b4 40. Qxg6 1-0

[Event "*** Titled Tuesday Blitz"]
[Site "Chess.com"]
[Date "2020.11.03"]
[Round "2"]
[White "boasovietica"]
[Black "jaskol95"]
[Result "1-0"]
[WhiteElo "2530"]
[BlackElo "2309"]
[TimeControl "180+1"]
[EndTime "10:18:25 PST"]
[Termination "boasovietica won by checkmate"]

1. e4 e6 2. d4 d5 3. Nd2 dxe4 4.
Nxe4 Bd7 5. c4 Nf6 6. Nc3 Bc6 7. Nf3 Bb4 8. Bg5 Nbd7 9. a3 Bxc3+ 10. bxc3 h6 11. Bh4 b6 12. Bd3 O-O 13. O-O Bb7 14. Qe2 Qe7 15. Rfe1 Rfe8 16. a4 a5 17. Ne5 Qf8 18.
Rab1 Nxe5 19. Qxe5 Qe7 20. c5 Ng4 21. Qg3 Nf6 22.
cxb6 cxb6 23. Rxb6 Rac8 24. Rxb7 Qxb7 25. Bxf6 g5 26.
Qh3 Rxc3 27. Qxh6 Rxd3 28. Qh8# 1-0

[Event "*** Titled Tuesday Blitz"]
[Site "Chess.com"]
[Date "2020.11.03"]
[Round "2"]
[White "davidkalashian"]
[Black "GalperinPlaton"]
[Result "1-0"]
[WhiteElo "2604"]
[BlackElo "2890"]
[TimeControl "180+1"]
[EndTime "10:18:26 PST"]
[Termination "davidkalashian won by resignation"]

1. d4 Nf6 2. c4 d6 3. Nc3 Bf5 4. Nf3 g6 5. g3 Bg7 6. Bg2 Ne4 7.
Qb3 Nxc3 8. bxc3 Be4 9. O-O O-O 10. d5 Qc8 11. Be3 Nd7 12. Bd4 c6 13. Rad1 cxd5 14. cxd5 Nc5 15. Qc4 Nd7 16. Qb3 Qc7 17. Bh3 Nb6 18.
Bxg7 Kxg7 19. Ng5 Bf5 20. Bxf5 gxf5 21. Rd4 h6 22. Nf3 Rac8 23. Rc1 Qc5 24. Nh4 Kf6 25. Rf4 e6 26. dxe6 fxe6 27. e4 Qc6 28. exf5 e5 29. Qe6+ Kg7 30. Rg4+ Kh8 1-0

[Event "*** Titled Tuesday Blitz"]
[Site "Chess.com"]
[Date "2020.11.03"]
[Round "2"]
[White "oogee"]
[Black "Tactictic"]
[Result "1-0"]
[WhiteElo "2222"]
[BlackElo "2402"]
[TimeControl "180+1"]
[EndTime "10:18:26 PST"]
[Termination "oogee won by resignation"]

1. d4 Nf6 2. c4 e6 3. Nf3 d5 4. g3 Bb4+ 5. Nc3 dxc4 6. Bg2 Nc6 7. O-O O-O 8. Qa4 a5 9. Rd1 Bd7 10. Qc2 Rb8 11. Nb5 Ne7 12. Qxc4 c6 13. Nc3 b5 14. Qd3 Ned5 15. e4 Bxc3 16. bxc3 Nxe4 17. Qxe4 Nxc3 18. Qd3 Nxd1 19. Qxd1 Rc8 20. Be3 Qe7 21. Ne5 Rfd8 22. Qh5 Be8 23. Qg4 f6 24. Nd3 e5 25.
Nc5 exd4 26. Bxd4 Bh5 27. Qxh5 Rxd4 28. Qf5 Rcd8 29. Bxc6 Rd1+ 30. Rxd1 Rxd1+ 31. Kg2 Qc7 32. Qe6+ 1-0

[Event "*** Titled Tuesday Blitz"]
[Site "Chess.com"]
[Date "2020.11.03"]
[Round "2"]
[White "Promacherr"]
[Black "VinzentSpitzl"]
[Result "1-0"]
[WhiteElo "2671"]
[BlackElo "2329"]
[TimeControl "180+1"]
[EndTime "10:18:27 PST"]
[Termination "Promacherr won on time"]

1. e4 c6 2. d4 d5 3. exd5 cxd5 4. Bf4 Nc6 5. c3 g6 6. Nd2 Bg7 7. Ngf3 Nf6 8. Be2 O-O 9. Ne5 Bf5 10. O-O Ne4 11.
Nd3 Re8 12. Re1 Nxd2 13. Qxd2 Bxd3 14. Bxd3 e5 15. dxe5 Nxe5 16. Bb5 Re6 17. Rad1 Nc6 18. Rxe6 fxe6 19. Re1 Qf6 20. Bg5 Qf7 21. Qe2 e5 22.
Ba4 Re8 23. Qb5 h6 24. Bh4 g5 25. Bg3 Rd8 26. Bb3 a6 27. Qb6 h5 28. h4 gxh4 29.
Bxh4 Rd6 30. Bg3 Bf6 31. Qc5 Qd7 32. Rd1 Ne7 33. Qe3 Nf5 34. Qf3 Nxg3 35. Qxg3+ Kh8 36. Qf3 d4 37. Qxh5+ Kg7 38. Rd3 Kf8 39. Rg3 Ke7 40.
Rg8 Re6 41. cxd4 1-0